 Dungeon Crawl Stone Soup version 0.27.1-3-gb3d3a73c9e (webtiles) character file.

Game seed: 9733703750252173599

24 Descartes the Skirmisher (level 2, 0/16 HPs)
             Began as a Felid Wanderer on Oct 16, 2021.
             Succumbed to an adder's poison
             ... on level 2 of the Dungeon.
             The game lasted 00:01:14 (1723 turns).

Descartes the Skirmisher (Felid Wanderer)           Turns: 1723, Time: 00:01:15

Health: 0/16       AC:  1    Str: 10    XL:     2   Next: 79%
Magic:  3/3        EV: 31    Int: 11    God:
Gold:   52         SH:  0    Dex: 15    Spells: 1/1 levels left
                                        Lives:  0   Deaths: 0

rFire    . . .     SeeInvis +     - Unarmed
rCold    . . .     Faith    .   (shield unavailable)
rNeg     . . .     Spirit   .   (armour unavailable)
rPois    .         Reflect  .   (helmet unavailable)
rElec    .         Harm     .   (cloak unavailable)
rCorr    .         Rampage  .   (gloves unavailable)
Will     .....                  (boots unavailable)
Stlth    ++........             g - amulet of the acrobat
HPRegen  0.05/turn              (no ring)
MPRegen  0.08/turn              (no ring)

@: lethally poisoned (0 -> -3), acrobatic, quick
A: very small, claws 1, fangs 3, see invisible, speed 1, shaggy fur 1, stealthy
paws, no weapons or thrown items, no armour, multi-lived
a: no special abilities


You were on level 2 of the Dungeon.
You visited 1 branch of the dungeon, and saw 2 of its levels.

You collected 52 gold pieces.

Inventory:

Jewellery
 g - an amulet of the acrobat (around neck)
Scrolls
 a - a scroll of fear
 h - a scroll of identify {unknown}
Potions
 b - a potion of berserk rage
 c - 2 potions of curing
 d - a potion of lignification
 e - a potion of mutation {unknown}
 f - a potion of magic {unknown}


   Skills:
 - Level 6.0 Fighting
 + Level 1.7 Dodging
 * Level 2.7 Stealth
 + Level 2.4 Unarmed Combat
 - Level 1.1 Evocations


You had one spell level left.
You didn't know any spells.
Your spell library was empty.

Dungeon Overview and Level Annotations

Branches:
Dungeon (2/15)

Altars:


Innate Abilities, Weirdness & Mutations

You have sharp claws.
You have razor-sharp teeth.
You have supernaturally acute eyesight. (SInv)
You cover ground quickly. (Speed+)
You are covered in fur. (AC +1)
Your paws help you pounce on unaware monsters.
You are incapable of wielding weapons or throwing items.
You cannot wear armour.
You gain extra lives every three experience levels.


Message History

g - an amulet of the acrobat (around neck)
There is a shaft here.
Found a scroll labelled CYUDIT BAVEA.
h - a scroll labelled CYUDIT BAVEA An adder comes into view.
You see here 14 arrows.
An adder is nearby!
An adder comes into view.
The adder hisses angrily.
The adder bites you.
You are poisoned.
The adder poisons you!
You scratch the adder.
The adder is lightly wounded.
You feel sick. The adder bites you.
You are more poisoned.
The adder poisons you!
You scratch the adder.
The adder is moderately wounded.
You feel sick. The adder barely misses you. The adder bites you.
* * * LOW HITPOINT WARNING * * *
You are too injured to fight recklessly!
You are too injured to fight recklessly!
You are too injured to fight recklessly!
You are too injured to fight recklessly!
You are too injured to fight recklessly!
You are too injured to fight recklessly!
You are too injured to fight recklessly!
You are too injured to fight recklessly!
You are too injured to fight recklessly!
You are too injured to fight recklessly!
You are too injured to fight recklessly!
* * * LOW HITPOINT WARNING * * *
You feel sick.
The adder hisses angrily.
* * * LOW HITPOINT WARNING * * *
You feel sick.
* * * LOW HITPOINT WARNING * * *
You feel sick.
You die...

........... #........ ..S....
#.###..#.## #......#..#
#.....# #.. #.S#..# ###.#
#.##..# #######[..# #@##....
#[.....>#.####.####.#.
#.......................
#.............#####.#. #
#............## .##.
###..#.####.)...## ..# #
....##.#......#..## #.# .#
.####..#.....)##..####.###.###
.#
##.##......###....#........#


You could see 2 adders.

Vanquished Creatures
  A dart slug (D:1)
  An orc (D:2)
  3 ball pythons (D:1)
  3 endoplasms
  4 hobgoblins (D:1)
  A kobold (D:2)
  A quokka (D:1)
  A bat (D:1)
  2 frilled lizards
  3 rats
20 creatures vanquished.

Notes
Turn   | Place    | Note
-------+----------+-------------------------------------------
     0 | D:1      | Descartes the Felid Wanderer began the quest for the Orb.
     0 | D:1      | Descartes set off with the following items: a scroll of
                  | fear, a potion of berserk rage, a potion of curing, a
                  | potion of lignification
     0 | D:1      | Reached XP level 1. HP: 13/13 MP: 2/2
   269 | D:1      | Reached skill level 1 in Dodging
   283 | D:1      | Reached XP level 2. HP: 16/16 MP: 3/3
  1723 | D:2      | Succumbed to an adder's poison

Illustrated notes

Levels and vault maps discovered:
D:1:      lightli_arrival_maybe_door_vault, layout_basic, serial_rivers,
          chequers_serial_rivers_micro_b, chequers_serial_rivers_micro_d,
          chequers_serial_rivers_micro_b, chequers_serial_rivers_micro_b
D:2:      layout_rooms

Skill      XL: |  1 |
---------------+----+-----
Dodging        | 1 |  1.7
Stealth        | 2 |  2.7
Fighting       | |  6.0
Unarmed Combat | |  2.4
Evocations     | |  1.1

Action                   || total
-------------------------++-------
Melee: Unarmed           ||    51
       Bite              ||     4
       Punch             ||     1
 Stab: Sleeping          ||     5
Armor: Skin              ||     3
Dodge: Dodged            ||    23
